 Dungeon Crawl Stone Soup version 0.31-a0-486-g8d68a81214 (webtiles) character file.

Game seed: 6249124106163241083

14527 javelincjr the Fighter (level 11, 0/87 HPs)
             Began as a Demonspawn Fighter on Aug 7, 2023.
             Was a Follower of Makhleb.
             Slain by bahustanut's ghost (25 damage)
             ... on level 1 of the Lair of Beasts.
             The game lasted 00:49:04 (12795 turns).

javelincjr the Fighter (Demonspawn Fighter)        Turns: 12795, Time: 00:49:04

Health: 0/87       AC: 18    Str: 20    XL:     11   Next: 89%
Magic:  0/17       EV: 14    Int: 11    God:    Makhleb [*.....]
Gold:   659        SH: 16    Dex: 12    Spells: 18/18 levels left

rFire   . . .        V - +5 trident (pain)
rCold   . . .        W - +0 kite shield
rNeg    . . .        K - +0 chain mail
rPois   .            x - +0 helmet
rElec   .            C - +2 cloak
rCorr   .            J - +2 pair of gloves
SInv    .            (no boots)
Will    .....        T - amulet of guardian spirit Stlth
                     E - +5 ring of evasion
HPRegen 0.34/turn    A - +4 ring of slaying
MPRegen 0.15/turn

%: guardian spirit
@: no status effects
A: large bone plates 2, ignite blood 2
a: Renounce Religion


You were on level 1 of the Lair of Beasts.
You worshipped Makhleb.
Makhleb was aware of your devotion.
You visited 3 branches of the dungeon, and saw 13 of its levels.

You collected 754 gold pieces.
You spent 95 gold pieces at shops.

Inventory:

Hand Weapons
 a - a +0 trident of venom
 q - a +3 whip
 u - a +3 short sword of protection
 I - a +1 short sword of venom
 V - a +5 trident of pain (weapon)
Missiles
 f - 6 javelins
 y - 5 atropa-tipped darts
 B - 29 poisoned darts (quivered)
 H - 9 curare-tipped darts
 M - 4 throwing nets
 O - 23 boomerangs
Armour
 b - a +0 scale mail
 c - a +0 buckler
 r - a +0 plate armour
 x - a +0 helmet (worn)
 C - a +2 cloak (worn)
 J - a +2 pair of gloves (worn)
 K - a +0 chain mail (worn)
 W - a +0 kite shield (worn)
Jewellery
 g - a ring of ice
 p - a +6 ring of strength
 s - a ring of flight
 A - a +4 ring of slaying (right hand)
 D - a ring of positive energy
 E - a +5 ring of evasion (left hand)
 N - an amulet of the acrobat
 T - an amulet of guardian spirit (around neck)
 U - a ring of ice
Wands
 k - a wand of iceblast (5)
 G - a wand of flame (10)
 Q - a wand of quicksilver (12)
 R - a wand of mindburst (8)
Scrolls
 i - 3 scrolls of amnesia
 j - 5 scrolls of noise
 m - a scroll of fear
 t - 4 scrolls of teleportation
 P - a scroll of blinking
 S - a scroll of revelation
 X - 3 scrolls of fog
Potions
 d - 2 potions of might
 e - 2 potions of enlightenment
 h - 2 potions of brilliance
 l - 4 potions of mutation
 n - a potion of invisibility
 o - a potion of heal wounds
 v - a potion of attraction
 w - 3 potions of resistance
 z - 7 potions of curing
 F - 2 potions of lignification
 L - a potion of berserk rage


   Skills:
 + Level 8.4 Fighting
 + Level 4.9 Short Blades
 + Level 7.3 Polearms
 + Level 7.6 Armour
 + Level 6.7 Dodging
 + Level 7.5 Shields
 - Level 4.4 Spellcasting
 + Level 5.2 Evocations


You had 18 spell levels left.
You didn't know any spells.
Your spell library contained the following spells:

 Spells                   Type           Power      Damage    Failure   Level
 Necrotise                Necr           8%         1d4       96%         1
 Sandblast                Erth           4%         2d4       96%         1
 Summon Small Mammal      Summ           8%         N/A       96%         1
 Blink                    Tloc           4%         N/A       99%         2
 Ensorcelled Hibernation  Hex/Ice        4%         N/A       99%         2
 Lesser Beckoning         Tloc           4%         N/A       99%         2
 Momentum Strike          Conj/Tloc      4%         3d8       99%         2
 Passwall                 Tmut/Erth      1%         N/A       99%         2
 Poisonous Vapours        Pois/Air       4%         N/A       99%         2
 Call Canine Familiar     Summ           2%         N/A       100%        3
 Mephitic Cloud           Conj/Pois/Air  2%         N/A       100%        3
 Ozocubu's Armour         Ice            2%         N/A       100%        3
 Stone Arrow              Conj/Erth      4%         3d7       100%        3
 Summon Guardian Golem    Hex/Summ       2%         N/A       100%        3
 Swiftness                Air            2%         N/A       100%        3
 Vampiric Draining        Necr           2%         2d6       100%        3
 Manifold Assault         Tloc           2%         N/A       100%        4
 Agony                    Necr           2%         N/A       100%        5
 Freezing Cloud           Conj/Ice/Air   1%         6-21      100%        5
 Metabolic Englaciation   Hex/Ice        1%         N/A       100%        5
 Simulacrum               Ice/Necr       1%         N/A       100%        6


Dungeon Overview and Level Annotations

Branches:
Dungeon (11/15)            Temple (1/1) D:6            Lair (1/5) D:11
    Orc (0/2) D:9

Altars:
Ashenzari
Cheibriados
Dithmenos
Fedhas
Gozag
Hepliaklqana
Kikubaaqudgha
Makhleb
Nemelex Xobeh
Okawaru
Qazlal
Ru
Sif Muna
Trog
Uskayaw
Vehumet
Wu Jian
Xom
Yredelemnul

Shops:
D:8 ?   D:10 (

Annotations:
Lair:1 bahustanut's ghost, journeyman DsSh


Innate Abilities, Weirdness & Mutations

You are mostly covered in large bone plates. (SH +6)
Your demonic aura often causes spilled blood to erupt in flames.


Message History

The blink frog simulacrum is engulfed in blazing flames.
The blink frog simulacrum vaporises!
Makhleb accepts your kill.
You are too injured to fight recklessly!
Reach: V) +5 trident (pain)
Press: ? - help, Dir - move target, f/p - bahustanut's ghost
Aim: bahustanut's ghost (heavily damaged, about 33% to evade your +5 trident of pain)
You reach to attack!
You miss bahustanut's ghost.
Bahustanut's ghost is heavily damaged.
You hit bahustanut's ghost but do no damage.
Bahustanut's ghost is heavily damaged.
You block bahustanut's ghost's attack.
You hit bahustanut's ghost.
Bahustanut's ghost is severely damaged.
You block bahustanut's ghost's attack.
You closely miss bahustanut's ghost.
Bahustanut's ghost is heavily damaged.
Bahustanut's ghost hits you!! Bahustanut's ghost hits you!
* * * LOW HITPOINT WARNING * * *
Bahustanut's ghost attacks as you move away!
Bahustanut's ghost hits you!!
* * * LOW HITPOINT WARNING * * *
Bahustanut's ghost is engulfed in blazing flames.
You feel much better.
The water moccasin simulacrum is engulfed in blazing flames.
The water moccasin simulacrum vaporises!
Makhleb accepts your kill.
You feel better.
Bahustanut's ghost is engulfed in blazing flames.
Bahustanut's ghost hits you.
* * * LOW HITPOINT WARNING * * *
You hit bahustanut's ghost but do no damage.
Bahustanut's ghost is severely damaged.
Bahustanut's ghost is engulfed in blazing flames.
You block bahustanut's ghost's attack.
You closely miss bahustanut's ghost.
Bahustanut's ghost is severely damaged.
Bahustanut's ghost is engulfed in blazing flames.
Bahustanut's ghost hits you!!
You die...

###### #.## ### #.##.###
.....####+.##########.###......#
.....##>.........#......'......#
.....#.............######......##
..................## #......P#
..................# #......##
.................## #......##
......###).......# #......'.
#....## #####...@# #......##
.....# kZ...###○W## ####+.##
.#..##........##Z.# #..##
#.#.#...###....##.## ##..#
###.#.....##....#..# #..#
###.##.....#..!.#[## ########'##
.....#....)##...†.# #.........#
.....#...=.?#...'.####.........##
....##.#...=#...'....#.........'.


You could see bahustanut's ghost and a komodo dragon simulacrum.

Vanquished Creatures
  A hydra (Lair:1)
  A boulder beetle (D:9)
  3 two-headed ogres
  A sixfirhy (D:10)
  A cyclops (D:11)
  2 manticores (D:11)
  3 black mambas (Lair:1)
  2 cane toads (Lair:1)
  3 rime drakes (Lair:1)
  A hornet (D:9)
  2 trolls (D:11)
  A vampire (D:11)
  11 yaks
  3 steam dragons
  2 vampire mosquitoes (D:11)
  A basilisk (Lair:1)
  2 acid dragons
  3 water moccasins
  An orc warrior (D:9)
  3 black bears
  3 ice beasts
  An ogre (D:5)
  2 sky beasts (D:8)
  A black mamba simulacrum (Lair:1)
  4 centaurs
  4 phantoms
  4 kobold brigands
  5 gnoll sergeants
  9 bullfrogs
  2 scorpions
  A blink frog simulacrum (Lair:1)
  A howler monkey (D:5)
  3 jellies
  A water moccasin simulacrum (Lair:1)
  3 hounds
  2 orc priests
  Jessica (D:3)
  A gnoll bouda (D:7)
  3 iguanas
  2 sleepcaps
  7 orc wizards
  Robin (D:3)
  21 gnolls
  An adder (D:3)
  3 shadow imps
  A white imp (D:8)
  2 dart slugs (D:3)
  28 orcs
  5 ball pythons
  4 bats
  3 endoplasms
  4 giant cockroaches
  15 goblins
  8 hobgoblins
  2 quokkas
  4 frilled lizards
  28 kobolds
  5 rats
242 creatures vanquished.

Vanquished Creatures (collateral kills)
  A sky beast (D:8)
  An orc priest (D:8)
  2 orcs (D:8)
4 creatures vanquished.

Grand Total: 246 creatures vanquished

Notes
Turn   | Place    | Note
-------+----------+-------------------------------------------
     0 | D:1      | javelincjr the Demonspawn Fighter began the quest for the
                  | Orb.
     0 | D:1      | Reached XP level 1. HP: 18/18 MP: 1/1
   107 | D:1      | Gained mutation: Your demonic aura sometimes causes spilled
                  | blood to erupt in flames. [demonic ancestry]
   107 | D:1      | Reached XP level 2. HP: 23/24 MP: 2/2
   657 | D:1      | Gained mutation: Your demonic aura often causes spilled
                  | blood to erupt in flames. [demonic ancestry]
   657 | D:1      | Reached XP level 3. HP: 27/29 MP: 3/3
  1398 | D:3      | Found an ornate altar of the Wu Jian Council.
  1451 | D:3      | Found a broken altar of Ashenzari.
  1647 | D:3      | Noticed Jessica
  1660 | D:3      | Killed Jessica
  1661 | D:3      | Reached XP level 4. HP: 35/35 MP: 4/4
  1665 | D:3      | Found a sparkling altar of Nemelex Xobeh.
  1785 | D:3      | Noticed Robin
  1825 | D:3      | Killed Robin
  2164 | D:4      | Found a blossoming altar of Fedhas.
  2182 | D:4      | Noticed a scorpion
  2233 | D:4      | Killed a scorpion
  2234 | D:4      | Reached skill level 1 in Dodging
  2234 | D:4      | Reached skill level 1 in Spellcasting
  2234 | D:4      | Gained mutation: You are partially covered in large bone
                  | plates. (SH +4) [demonic ancestry]
  2234 | D:4      | Reached XP level 5. HP: 24/42 MP: 6/6
  2757 | D:4      | Found a stormy altar of Qazlal.
  3361 | D:5      | Entered Level 5 of the Dungeon
  3361 | D:5      | Noticed a phantom
  3387 | D:5      | Killed a phantom
  3388 | D:5      | Reached skill level 4 in Fighting
  3388 | D:5      | Reached XP level 6. HP: 45/48 MP: 8/8
  3610 | D:5      | Noticed a yak
  3610 | D:5      | Noticed a yak
  3611 | D:5      | Noticed a yak
  3613 | D:5      | Noticed an ice beast
  3616 | D:5      | Noticed a yak
  3618 | D:5      | Noticed a two-headed ogre
  3659 | D:4      | Killed an ice beast
  3793 | D:5      | Killed a two-headed ogre
  3794 | D:5      | Reached XP level 7. HP: 31/55 MP: 9/11
  3794 | D:5      | Reached XP level 8. HP: 35/61 MP: 9/12
  3826 | D:5      | Reached skill level 5 in Fighting
  3875 | D:5      | Reached skill level 5 in Armour
  3878 | D:5      | Reached skill level 5 in Shields
  4055 | D:5      | Gained mutation: You are mostly covered in large bone
                  | plates. (SH +6) [demonic ancestry]
  4055 | D:5      | Reached XP level 9. HP: 23/69 MP: 14/14
  5024 | D:6      | Reached skill level 5 in Polearms
  5073 | D:6      | Reached skill level 6 in Fighting
  5571 | D:6      | Found a staircase to the Ecumenical Temple.
  5579 | Temple   | Entered the Ecumenical Temple
  6002 | D:7      | Reached skill level 1 in Evocations
  6062 | D:7      | Reached skill level 1 in Short Blades
  6609 | D:7      | Found an ancient bone altar of Kikubaaqudgha.
  6609 | D:7      | Found a sacrificial altar of Ru.
  6610 | D:7      | Found a shimmering blue altar of Sif Muna.
  6611 | D:7      | Found a shimmering altar of Xom.
  6612 | D:7      | Found a hide-covered altar of Uskayaw.
  6614 | D:7      | Found an iron altar of Okawaru.
  6968 | D:8      | Found Syxa's Magic Scroll Emporium.
  6987 | D:8      | Bought a scroll of brand weapon for 95 gold pieces
  7049 | D:8      | Reached skill level 5 in Dodging
  7049 | D:8      | Reached XP level 10. HP: 77/77 MP: 16/16
  7987 | D:9      | Noticed a boulder beetle
  8242 | D:9      | Killed a boulder beetle
  8243 | D:9      | Reached skill level 7 in Fighting
  8573 | D:9      | Found a hazy altar of Hepliaklqana.
  8662 | D:9      | Found a staircase to the Orcish Mines.
  9180 | D:10     | Entered Level 10 of the Dungeon
  9350 | D:10     | Noticed a two-headed ogre
  9358 | D:10     | Killed a two-headed ogre
  9691 | D:10     | Found a runed translucent door.
  9692 | D:10     | Found a burning altar of Makhleb.
  9692 | D:10     | Noticed a sixfirhy
 10011 | D:10     | Found Alisuner's Weapon Boutique.
 10578 | D:10     | Killed a sixfirhy
 10581 | D:10     | Became a worshipper of Makhleb the Destroyer
 10720 | D:11     | Noticed a manticore
 10723 | D:11     | Killed a manticore
 10724 | D:11     | Reached XP level 11. HP: 80/84 MP: 17/17
 11089 | D:11     | Found a staircase to the Lair.
 11136 | D:11     | Noticed a two-headed ogre
 11143 | D:11     | Killed a two-headed ogre
 11829 | Lair:1   | Entered Level 1 of the Lair of Beasts
 11835 | Lair:1   | Reached skill level 8 in Fighting
 11896 | Lair:1   | Noticed bahustanut's ghost (journeyman DsSh)
 11992 | Lair:1   | Reached * piety under Makhleb
 12311 | Lair:1   | Noticed an eight-headed hydra
 12316 | Lair:1   | Killed an eight-headed hydra
 12317 | Lair:1   | Reached skill level 5 in Evocations
 12406 | Lair:1   | Found a runed translucent gate.
 12406 | Lair:1   | Found a runed translucent gate.
 12406 | Lair:1   | Found a runed translucent gate.
 12792 | Lair:1   | HP: 2/87 [bahustanut's ghost (17)]
 12795 | Lair:1   | Slain by bahustanut's ghost

Illustrated notes

Levels and vault maps discovered:
D:1:      nzn_arrival_water_spiral, layout_basic
D:2:      layout_loops_ring
D:3:      layout_loops_ring, nemelex_xobeh_ov_fountains_minmay,
          nicolae_ashenzari_panopticon, nicolae_wu_jian_wuxing_cycle,
          lightli_corner_chamber, uniq_robin, uniq_jessica
D:4:      layout_loops_corners, old_standard_altar,
          mainiacjoe_overflow_tiny_flanked, dk_vineyard_3,
          chequers_serial_rivers_micro_e, corexii_item_surrounded_by_moat
D:5:      layout_basic, serial_bayou_pond_b
D:6:      layout_basic, kennysheep_mini, minmay_temple_entry_fiery
D:7:      layout_gridville, minitemple, st_stairs_6, dk_noncrumbling_4
D:8:      layout_gridville, serial_shops, nicolae_shop_statue_plus,
          dreamdust_princess_bridge
D:9:      layout_roguey, mainiacjoe_overflow_brackets, orc_0_dummy,
          lightli_fourway_metalbox
D:10:     layout_basic, nzn_makhleb_speed_demon, serial_shops,
          nicolae_shop_bloodbath_and_beyond, roderic_cross_of_infinity
D:11:     layout_basic, lair_entry_dummy, amcnicky_mini_pool_small
Temple:   hellmonk_temple_of_storms
Lair:1:   layout_roguey, gammafunk_ghost_icy

Skill      XL: |  1  2  3  4  5  6  7  8  9 10 11 |
---------------+----------------------------------+-----
Polearms       | 2 3 4 5 6 7 |  7.3
Armour         | 3 4 5 6 7 |  7.6
Shields        | 3 4 5 6 7 |  7.5
Dodging        | 1 2 3 5 6 |  6.7
Spellcasting   | 1 2 3 4 |  4.4
Fighting       | 4 5 6 7 8 |  8.4
Evocations     | 1 3 5 |  5.2
Short Blades   | 1 3 4 |  4.9

Action                     |  1- 3 |  4- 6 |  7- 9 | 10-12 || total
---------------------------+-------+-------+-------+-------++-------
  Melee: Trident           |   109 |     8 |       |   308 ||   425
         Short sword       |     3 |   202 |   340 |   100 ||   645
  Throw: Dart              |       |     4 |    11 |     8 ||    23
    Use: Scroll            |       |       |    11 |    17 ||    28
         Potion            |       |       |       |     2 ||     2
   Stab: Sleeping          |       |       |       |     1 ||     1
 Armour: Scale mail        |    34 |    90 |    73 |       ||   197
         Chain mail        |       |       |    68 |   138 ||   206
  Dodge: Dodged            |    37 |    70 |   193 |   183 ||   483
  Block: Buckler           |    15 |    55 |   238 |   150 ||   458
         Kite shield       |       |       |       |    79 ||    79

Table legend: (Time is in decaauts)
 A = Elapsed time spent in this place.
 B = Non-inter-level travel time spent in this place.
 C = Inter-level travel time spent in this place.
 D = Time resting spent in this place.
 E = Time spent auto-exploring this place.
 F = Levels seen in this place.
 G = Mean time per level.
                   A        B        C        D        E       F      G
               +--------+--------+--------+--------+--------+-----+--------+
         Total |  12849 |  11912 |    937 |    873 |   8681 |  13 |  988.4 |
       Dungeon |  11875 |  10939 |    936 |    647 |   8083 |  11 | 1079.5 |
        Temple |      1 |      1 |      0 |      0 |      0 |   1 |    1.0 |
          Lair |    972 |    972 |      0 |    226 |    598 |   1 |  972.0 |
               +--------+--------+--------+--------+--------+-----+--------+

Top non-repeatable levels by time:
     D:5: 1582 daAuts
     D:4: 1362 daAuts
    D:10: 1344 daAuts
     D:9: 1274 daAuts
     D:7: 1191 daAuts
     D:8: 1147 daAuts
  Lair:1: 972 daAuts
    D:11: 928 daAuts
     D:3: 849 daAuts
     D:1: 812 daAuts
     D:6: 755 daAuts
     D:2: 628 daAuts
  Temple: 1 daAuts
